 Dungeon Crawl Stone Soup version 0.31-a0-931-g7b59d4eb97 (webtiles) character file.

Game seed: 10557404878163835078

2970 Shayle the Fighter (level 9, -5/88 HPs)
             Began as an Ogre Hexslinger on Oct 19, 2023.
             Was a Follower of Ru.
             Slain by an orc warrior
             ... wielding a +0 hand axe
              (14 damage)
             ... on level 7 of the Dungeon.
             The game lasted 00:21:43 (7190 turns).

Shayle the Fighter (Ogre Hexslinger)                Turns: 7190, Time: 00:21:43

Health: -5/88      AC:  4    Str: 14    XL:     9   Next: 82%
Magic:  14/14      EV: 11    Int: 18    God:    Ru [*.....]
Gold:   367        SH:  0    Dex: 11    Spells: 13/15 levels left

rFire   . . .        G - +5 Force Lance {heavy, knockback}
rCold   . . .        (no shield)
rNeg    . . .        c - +1 robe
rPois   .            (helmet restricted)
rElec   .            l - scarf {repulsion}
rCorr   .            (gloves unavailable)
SInv    +            (boots unavailable)
Will    .....        (no amulet)
Stlth   +            j - ring of see invisible
HPRegen 0.34/turn    m - +4 ring of slaying
MPRegen 0.14/turn

%: repel missiles
@: no status effects
A: large, unfitting armour, frail 1, tough skin 1
a: Renounce Religion


You were on level 7 of the Dungeon.
You worshipped Ru.
Ru was aware of your devotion.
You visited 2 branches of the dungeon, and saw 8 of its levels.
You also visited: Ossuary.

You collected 367 gold pieces.

Inventory:

Hand Weapons
 a - a +1 sling
 p - a +1 flail of protection
 x - a +0 whip of flaming
 G - the +5 Force Lance (weapon) {heavy, knockback}
   (You found it on level 7 of the Dungeon)
Missiles
 v - 3 atropa-tipped darts
 F - a throwing net
Armour
 c - a +1 robe (worn)
 l - a scarf of repulsion (worn)
Jewellery
 j - a ring of see invisible (left hand)
 m - a +4 ring of slaying (right hand)
Wands
 r - a wand of acid (5)
 s - a wand of paralysis (3)
Scrolls
 b - a scroll of poison
 d - 2 scrolls of enchant armour
 e - a scroll of torment {unknown}
 g - a scroll of fear {unknown}
 k - a scroll of brand weapon
 n - a scroll of acquirement {unknown}
 q - 2 scrolls of teleportation
 t - 2 scrolls of fog
 y - a scroll of vulnerability {unknown}
 z - 2 scrolls of identify
 A - a scroll of revelation {unknown}
 B - 2 scrolls of amnesia
 H - a scroll of silence {unknown}
Potions
 f - a potion of curing
 h - 2 potions of invisibility
 i - a potion of brilliance
 o - a potion of haste
 w - 2 potions of mutation {unknown}
 C - a potion of attraction
 D - a potion of berserk rage {unknown}
 E - a potion of might


   Skills:
 + Level 9.1 Fighting
 + Level 5.1 Maces & Flails
 - Level 3.0 Ranged Weapons
 + Level 6.5 Dodging
 - Level 3.8 Spellcasting
 - Level 4.0 Hexes
 - Level 3.1 Fire Magic


You had 13 spell levels left.
You knew the following spells:

 Your Spells              Type           Power      Damage    Failure   Level
a - Jinxbite              Hex            36%        N/A       4%          2

Your spell library contained the following spells:

 Spells                   Type           Power      Damage    Failure   Level
 Sigil of Binding         Hex            18%        N/A       9%          3
 Tukima's Dance           Hex            18%        N/A       9%          3
 Inner Flame              Hex/Fire       16%        N/A       11%         3
 Cause Fear               Hex            9%         N/A       28%         4
 Dimensional Bullseye     Hex/Tloc       5%         N/A       54%         4
 Passage of Golubria      Tloc           3%         N/A       83%         4
 Yara's Violent Unravell  Hex/Tmut       5%         3d4       88%         5


Dungeon Overview and Level Annotations

Branches:
Dungeon (7/15)             Temple (1/1) D:4         Ossuary (visited)

Altars:
Dithmenos
Elyvilon
Gozag
Kikubaaqudgha
Makhleb
Nemelex Xobeh
Okawaru
Qazlal
Ru
Sif Muna
Trog
Uskayaw
Wu Jian
Xom
Yredelemnul
Zin

Annotations:
D:2 1 runed translucent door, Crazy Yiuf


Innate Abilities, Weirdness & Mutations

You are too large for most types of armour.
You are frail. (-10% HP)
You have tough skin. (AC +1)


Message History

The black bear bites you. The black bear barely misses you. x2
You hit the black bear.
The black bear is knocked back by the blow.
The black bear is severely wounded.
The orc warrior hits you with a +0 hand axe!
The orc warrior misses you.
You closely miss the orc warrior.
The orc warrior is moderately wounded.
The orc warrior hits you with a +0 hand axe!
The black bear barely misses you. The black bear misses you.
The black bear claws you but does no damage.
The orc warrior hits you with a +0 hand axe!
* * * LOW HITPOINT WARNING * * *
You feel better. The black bear bites you.
The black bear claws you but does no damage.
The black bear barely misses you.
The orc warrior hits you with a +0 hand axe!
* * * LOW HITPOINT WARNING * * *
As you read the scroll of summoning, it crumbles to dust.
Wisps of shadow whirl around you... The black bear bites you!
* * * LOW HITPOINT WARNING * * *
The black bear claws you.
* * * LOW HITPOINT WARNING * * *
The black bear claws you but does no damage.
The orc warrior hits you with a +0 hand axe.
* * * LOW HITPOINT WARNING * * *
You swap places.
The black bear closely misses your shadow imp.
The black bear completely misses your shadow imp.
The black bear claws your shadow imp.
Your water moccasin closely misses the black bear.
Your iguana bites the black bear.
Your shadow imp hits the orc warrior but does no damage.
Your water moccasin bites the black bear.
The black bear dies!
Your shadow imp hits the orc warrior but does no damage.
Unknown command.
You feel better.
The orc warrior hits you with a +0 hand axe!
You die...

#.#.............##
#.##...........###.#..
#.#######.###### ....
##.# #####.#######...###
...# #.................#
...# #......#..........#
...###.................#
...#........#.....[....#
...#.#..........@......#
.....#......#...o....?.#
...###......#...5l......
...# #......#...S).....#
...#
#......##.##.........
...# #......##.#
#.$8..... ####
#########.. !........
### #........ #........


You could see an orc warrior (ally target), a friendly water moccasin
(summoned), a friendly iguana (summoned) and a friendly shadow imp (summoned).

Vanquished Creatures
  Pikel (D:6)
  Sigmund (D:2)
  Edmund (D:4)
  3 water moccasins
  A black bear (D:5)
  A sky beast (D:6)
  3 elf zombies (Ossuary)
  A gnoll sergeant (D:6)
  2 bullfrogs
  4 scorpions
  3 wights (D:6)
  4 centaur zombies (Ossuary)
  6 hounds
  A jelly (D:4)
  A human zombie (Ossuary)
  2 orc priests
  Ijyb (D:4)
  3 iguanas
  An orc wizard (D:6)
  A hound zombie (Ossuary)
  4 mummies
  7 adders
  6 gnolls
  2 shadow imps
  A white imp (D:6)
  5 adder zombies (Ossuary)
  3 dart slugs
  17 orcs
  13 endoplasms
  6 giant cockroaches
  7 hobgoblins
  2 jackals (D:3)
  8 kobolds
  3 quokkas
  15 ball pythons
  8 bats
  5 frilled lizards
  10 goblins
  3 goblin zombies (Ossuary)
  3 hobgoblin zombies
  5 jackal zombies (Ossuary)
  4 kobold zombies (Ossuary)
  An orc zombie (D:6)
  3 quokka zombies (Ossuary)
  3 rats
  2 rat zombies (Ossuary)
187 creatures vanquished.

Vanquished Creatures (collateral kills)
  A black bear (D:7)
1 creature vanquished.

Vanquished Creatures (others)
  A gnoll zombie (Ossuary)
1 creature vanquished.

Grand Total: 189 creatures vanquished

Notes
Turn   | Place    | Note
-------+----------+-------------------------------------------
     0 | D:1      | Shayle the Ogre Hexslinger began the quest for the Orb.
     0 | D:1      | Reached XP level 1. HP: 19/19 MP: 2/2
    14 | D:1      | Reached skill level 1 in Fire Magic
    36 | D:1      | Reached XP level 2. HP: 24/27 MP: 4/4
   224 | D:1      | Found a faded altar of an unknown god.
   662 | D:1      | Reached XP level 3. HP: 35/35 MP: 5/5
   978 | D:2      | Found a runed translucent door.
   979 | D:2      | Noticed Crazy Yiuf
  1084 | D:2      | Reached skill level 2 in Fighting
  1189 | D:2      | Found a sacrificial altar of Ru.
  1197 | D:2      | Became a worshipper of Ru the Awakened
  1471 | D:2      | Learned a level 2 spell: Jinxbite
  1489 | D:2      | Noticed Sigmund
  1507 | D:2      | Killed Sigmund
  1508 | D:2      | Reached skill level 3 in Fighting
  1508 | D:2      | Reached XP level 4. HP: 32/45 MP: 5/8
  1508 | D:2      | Reached XP level 5. HP: 37/53 MP: 5/9
  1508 | D:2      | Reached XP level 6. HP: 43/61 MP: 5/10
  2289 | D:3      | Found an opulent altar of Gozag.
  2450 | D:3      | You fall into a shaft and drop 1 floor!
  2457 | D:4      | Found a staircase to the Ecumenical Temple.
  2481 | Temple   | Entered the Ecumenical Temple
  3273 | D:4      | Noticed Edmund
  3296 | D:4      | Killed Edmund
  3297 | D:4      | Reached skill level 4 in Fighting
  3297 | D:4      | Reached XP level 7. HP: 7/70 MP: 5/12
  3551 | D:4      | Identified the +5 scale mail of Cowardice {rF+}
  3736 | D:4      | Gained mutation: You are frail. (-10% HP) [Ru sacrifice]
  3736 | D:4      | Reached * piety under Ru
  3851 | D:4      | Found an iron altar of Okawaru.
  3852 | D:4      | Noticed Ijyb
  3858 | D:4      | Paralysed by Ijyb for 3 turns
  3864 | D:4      | Killed Ijyb
  4105 | D:5      | Entered Level 5 of the Dungeon
  4310 | D:5      | Reached skill level 1 in Maces & Flails
  4310 | D:5      | Reached XP level 8. HP: 28/71 MP: 13/13
  4609 | D:5      | Reached skill level 5 in Fighting
  5096 | D:6      | Reached skill level 6 in Fighting
  5329 | D:6      | Found a sand-covered staircase.
  5346 | Ossuary  | Entered an ossuary
  5480 | Ossuary  | Reached skill level 5 in Dodging
  5638 | Ossuary  | Reached skill level 7 in Fighting
  5638 | Ossuary  | Reached XP level 9. HP: 63/83 MP: 11/14
  6283 | D:6      | Reached skill level 8 in Fighting
  6729 | D:6      | Found a shadowy altar of Dithmenos.
  6830 | D:7      | Noticed Pikel
  6910 | D:6      | Killed Pikel
  6911 | D:6      | Reached skill level 5 in Maces & Flails
  7096 | D:7      | Reached skill level 9 in Fighting
  7130 | D:7      | Found the +5 Force Lance {heavy, knockback}
  7187 | D:7      | HP: 3/88 [orc warrior/+0 hand axe (3)]
  7190 | D:7      | Slain by an orc warrior

Illustrated notes

Levels and vault maps discovered:
D:1:      spicycebolla_arrival_clurvy, layout_basic,
          hellmonk_ecumenical_altar_leap_of_faith
D:2:      layout_basic, basic_altar, chequers_decorated_corner,
          uniq_crazy_yiuf_cottage, uniq_sigmund
D:3:      layout_loops_ring, mainiacjoe_overflow_24_doors,
          minmay_misc_feat_five, minmay_checkerbox
D:4:      cheibrodos_old_hovel, layout_cave_pools, old_standard_altar,
          minmay_temple_entry_arrows, uniq_ijyb, uniq_edmund
D:5:      layout_loops_cross, minmay_crossroads
D:6:      layout_basic, nicolae_dithmenos_shadow_blocks,
          nicolae_ossuary_entry_giza
D:7:      layout_rooms, cheibrodos_worm_habitat, marbit_many_paths,
          mainiacjoe_overflow_cross_hatched, st_stairs_1, uniq_pikel
Temple:   cyrus_circular_temple

Skill      XL: |  1  2  3  4  5  6  7  8  9 |
---------------+----------------------------+-----
Fire Magic     | 1 2 3 |  3.1
Dodging        | 2 3 5 6 |  6.5
Fighting       | 3 4 7 9 |  9.1
Hexes          | 3 4 |  4.0
Ranged Weapons | 2 3 |  3.0
Spellcasting   | 2 3 |  3.8
Maces & Flails | 1 3 5 |  5.1

Action                     |  1- 3 |  4- 6 |  7- 9 || total
---------------------------+-------+-------+-------++-------
  Melee: Unarmed           |     9 |       |       ||     9
         Sling             |     1 |       |       ||     1
         Lance             |       |       |     7 ||     7
   Fire: Sling             |   109 |   187 |   413 ||   709
   Cast: Jinxbite          |     1 |     6 |    31 ||    38
 Invoke: Sacrifice Health  |       |       |     1 ||     1
         Reject Sacrifices |       |       |     1 ||     1
  Evoke: Wand              |       |       |     6 ||     6
    Use: Potion            |     3 |     2 |     4 ||     9
         Scroll            |       |       |    10 ||    10
 Armour: Robe              |    27 |   149 |   253 ||   429
  Dodge: Dodged            |    23 |   105 |   188 ||   316

Table legend: (Time is in decaauts)
 A = Elapsed time spent in this place.
 B = Non-inter-level travel time spent in this place.
 C = Inter-level travel time spent in this place.
 D = Time resting spent in this place.
 E = Time spent auto-exploring this place.
 F = Levels seen in this place.
 G = Mean time per level.
                   A        B        C        D        E       F      G
               +--------+--------+--------+--------+--------+-----+--------+
         Total |   7367 |   7151 |    216 |   1161 |   4042 |   9 |  818.6 |
       Dungeon |   6590 |   6374 |    216 |    817 |   3989 |   7 |  941.4 |
        Temple |     79 |     79 |      0 |     78 |      0 |   1 |   79.0 |
       Ossuary |    697 |    697 |      0 |    266 |     53 |   1 |  697.0 |
               +--------+--------+--------+--------+--------+-----+--------+

Top non-repeatable levels by time:
     D:6: 1346 daAuts
     D:2: 1181 daAuts
     D:3: 1115 daAuts
     D:4: 1049 daAuts
     D:5: 989 daAuts
     D:1: 761 daAuts
 Ossuary: 697 daAuts
     D:7: 146 daAuts
  Temple: 79 daAuts
